 Dungeon Crawl Stone Soup version 0.31.0-1-g2c135a0 (webtiles) character file.

Game seed: 16667831281894333164

24 jagoly the Trooper (level 3, -1/23 HPs)
             Began as a Gargoyle Monk on Jan 28, 2024.
             Slain by an orc
             ... wielding a +0 flail
              (6 damage)
             ... on level 2 of the Dungeon.
             The game lasted 00:01:47 (239 turns).

jagoly the Trooper (Gargoyle Monk)                   Turns: 239, Time: 00:01:48

Health: -1/23      AC:  8    Str: 16    XL:     3   Next: 2%
Magic:  3/3        EV: 11    Int: 10    God:
Gold:   24         SH:  0    Dex: 12    Spells: 2/2 levels left

rFire   . . .        a - +0 hand axe
rCold   . . .        d - orb {light}
rNeg    + . .        f - +0 ring mail
rPois   ∞            (no helmet)
rElec   +            (no cloak)
rCorr   .            (no gloves)
SInv    .            (no boots)
Will    .....        (no amulet)
Stlth   +            (no ring)
HPRegen 0.23/turn    (no ring)
MPRegen 0.08/turn

%: no passive effects
@: glowing
A: sickness immunity, AC +3, negative energy resistance 1, electricity
resistance, torment resistance 1, petrification resistance
a: no special abilities


You were on level 2 of the Dungeon.
You visited 1 branch of the dungeon, and saw 3 of its levels.

You collected 24 gold pieces.

Inventory:

Hand Weapons
 a - a +0 hand axe (weapon)
Missiles
 e - 3 boomerangs (quivered)
 g - 5 stones
Armour
 b - a +0 robe
 d - an orb of light (worn)
 f - a +0 ring mail (worn)
Scrolls
 h - a scroll of immolation {unknown}
 i - a scroll of noise {unknown}
Potions
 c - a potion of ambrosia


   Skills:
 + Level 3.6 Fighting
 * Level 3.2 Axes
 + Level 0.2 Armour
 - Level 2.4 Dodging
 + Level 1.2 Stealth


You had 2 spell levels left.
You didn't know any spells.
Your spell library was empty.

Dungeon Overview and Level Annotations

Branches:
Dungeon (3/15) Zot: 17753

Altars:


Innate Abilities, Weirdness & Mutations

You are immune to sickness and miasma.
Your stone body is resilient. (AC +3)
You are immune to poison.
You resist negative energy. (rN+)
You are resistant to electric shocks. (rElec)
You are resistant to unholy torment.
You are immune to petrification.


Message History

Welcome, jagoly the Gargoyle Monk.
Will you be the one to retrieve the magnificent Orb of Zot from the depths?
Press ? for a list of commands and other information.
Found two stairs.
There is a stone staircase leading down here.
You climb downwards.
The ball python hisses angrily.
The kobold shouts!
There is a stone staircase leading up here.
Okay, then.
You barely miss the ball python.
The ball python bites you but does no damage.
The ball python barely misses you.
You hit the ball python but do no damage.
The ball python misses you. The ball python grabs you.
The ball python constricts you.
A kobold comes into view. It is wielding a +0 dagger.
The ball python bites you but does no damage.
The ball python constricts you.
The kobold shouts!
You hit the ball python.
You kill the ball python!
The kobold misses you.
You barely miss the kobold. The kobold hits you with a +0 dagger.
You barely miss the kobold. The kobold hits you but does no damage.
You hit the kobold but do no damage. The kobold hits you with a +0 dagger.
You hit the kobold but do no damage. You barely miss the kobold.
The kobold hits you but does no damage. The kobold barely misses you.
You hit the kobold.
The kobold is moderately wounded.
You hit the kobold. The kobold closely misses you.
The kobold hits you but does no damage.
You hit the kobold but do no damage.
The kobold is severely wounded.
You barely miss the kobold. The kobold hits you with a +0 dagger.
The kobold closely misses you.
You slash the kobold!
You kill the kobold!
You hit the kobold but do no damage. The kobold closely misses you.
You hit the kobold.
You kill the kobold!
No target in view!
There is a stone staircase leading up here.
You climb upwards.
There is a stone staircase leading down here.
You open the door.
Found 3 boomerangs.
There is an open door here.
You see here 3 boomerangs.
e - 3 boomerangs A hobgoblin comes into view.
The hobgoblin shouts!
The hobgoblin misses you.
You hit the hobgoblin but do no damage. The hobgoblin barely misses you.
You hit the hobgoblin.
The hobgoblin is almost dead.
The hobgoblin closely misses you.
You barely miss the hobgoblin.
The hobgoblin is almost dead.
The hobgoblin closely misses you. The hobgoblin misses you.
You hit the hobgoblin but do no damage.
The hobgoblin is almost dead.
The hobgoblin misses you.
You hit the hobgoblin.
You kill the hobgoblin!
No target in view!
No target in view!
Found a stone staircase leading down.
There is a stone staircase leading down here.
You climb downwards.
There is a stone staircase leading up here.
The ball python barely misses you. x2
You hit the ball python.
You kill the ball python!
No target in view!
You see here a ball python corpse.
A giant cockroach comes into view.
A kobold comes into view. It is wielding a +0 club.
The kobold shouts!
Found 6 gold pieces.
The giant cockroach barely misses you.
You barely miss the giant cockroach.
A bat comes into view.
The giant cockroach closely misses you.
The bat moves out of view.
You hit the giant cockroach but do no damage.
The giant cockroach bites you but does no damage.
You barely miss the giant cockroach. You completely miss the kobold.
The giant cockroach bites you but does no damage. x2
The kobold hits you but does no damage.
You hit the giant cockroach.
You kill the giant cockroach!
You hit the kobold. The kobold hits you but does no damage.
Your Axes skill increases to level 3!
You have reached level 2!
You hit the kobold.
You kill the kobold!
No target in view!
No target in view!
You see here a +0 club.
You now have 6 gold pieces.
You open the door.
A ball python comes into view.
The ball python hisses angrily.
There is an open door here.
You slash the ball python!
You kill the ball python!
No target in view!
No target in view!
You see here a ball python corpse.
You open the door.
A dart slug and a rat come into view.
The rat squeaks loudly.
The rat bites you.
There is an open door here.
The rat bites you but does no damage.
You hit the dart slug but do no damage. You hit the rat. The rat bites you.
The dart slug bites you but does no damage.
You hit the rat.
You kill the rat!
You hit the dart slug. The dart slug launches a dart at you.
The slug dart misses you.
You slash the dart slug!
You kill the dart slug!
Your Stealth skill increases to level 1!
No target in view!
No target in view!
No target in view!
You see here a dart slug corpse.
You open the door.
A ball python comes into view.
The ball python hisses angrily.
There is an open door here.
The ball python bites you. The ball python barely misses you.
You slash the ball python!
You kill the ball python!
You open the door.
There is an open door here.
A goblin comes into view. It is wielding a +0 dagger.
You hit the goblin.
You kill the goblin!
Things that are here:
a +0 dagger; a goblin corpse You open the door.
A quokka comes into view.
Found a ring mail.
The quokka closely misses you.
There is an open door here.
You hit the quokka.
You kill the quokka!
No target in view!
No target in view!
You see here a quokka corpse.
You see here a +0 ring mail.
You start removing your armour.
You continue taking off your +0 robe. x4
You finish taking off your +0 robe.
You start putting on your armour.
You continue putting on your +0 ring mail. x5
You finish putting on your +0 ring mail.
You open the door.
Found 9 gold pieces.
There is an open door here.
You now have 15 gold pieces (gained 9).
There is an open door here.
You see here a quokka corpse.
There is an open door here.
Things that are here:
a +0 dagger; a goblin corpse
There is an open door here.
There is an open door here.
You see here a dart slug corpse.
There is an open door here.
You see here a ball python corpse.
There is an open door here.
A rat comes into view.
The rat squeaks loudly.
A kobold comes into view. It is wielding a +0 dagger.
The kobold shouts!
The kobold throws a stone.
The stone barely misses you.
The kobold throws a stone.
The stone closely misses you. The rat bites you but does no damage.
You slash the rat!
You kill the rat!
The kobold throws a stone.
The stone hits you but does no damage. The kobold hits you with a +0 dagger.
You slash the kobold!
You kill the kobold!
No target in view!
Things that are here:
a +0 dagger; 5 stones; a kobold corpse
g - 5 stones HP restored.
A hobgoblin comes into view.
The hobgoblin shouts!
You barely miss the hobgoblin.
The hobgoblin hits you but does no damage.
The hobgoblin hits you.
You hit the hobgoblin.
The hobgoblin is lightly wounded.
The hobgoblin closely misses you.
You hit the hobgoblin.
The hobgoblin is heavily wounded.
The hobgoblin hits you but does no damage.
You hit the hobgoblin.
You kill the hobgoblin!
No target in view!
No target in view!
You now have 24 gold pieces (gained 9).
You see here a hobgoblin corpse.
Found an escape hatch in the ceiling.
Found a scroll labelled DEYLA YRUIDIDA.
Found a scroll labelled LEORIREALO.
h - a scroll labelled DEYLA YRUIDIDA
Found a stone staircase leading down.
A ball python comes into view.
The ball python hisses angrily.
A ball python is nearby!
You see here a scroll labelled LEORIREALO.
i - a scroll labelled LEORIREALO The ball python bites you.
The ball python grabs you. The ball python constricts you.
You hit the ball python.
The ball python is moderately wounded.
The ball python barely misses you. The ball python constricts you.
You hit the ball python.
You kill the ball python!
No target in view!
No target in view!
Found a stone staircase leading down.
There is a stone staircase leading down here.
You climb downwards.
The orc shouts! x4; You hear a shout!
Found an escape hatch in the floor.
Found a stone staircase leading up.
There is a stone staircase leading up here.
An orc wizard and a quokka come into view.
The orc wizard shouts!
You hear a shout! x2
An orc comes into view.
It is wielding a +0 dagger and wearing a +0 leather armour of willpower.
An orc comes into view. It is wielding a +0 club.
The orc closely misses you.
There is a stone staircase leading up here.
You hit the orc but do no damage. The orc hits you with a +0 flail.
The orc hits you but does no damage. The orc hits you with a +0 flail.
The orc misses you. The orc hits you but does no damage.
You climb upwards.
There is a stone staircase leading down here.
Cleave: a) +0 hand axe
Press: ? - help, Dir - move target, f - orc
Aim: an orc, wielding a +0 flail and wearing a +0 chain mail (haloed, about 14% to evade your +0 hand axe)
You barely miss the orc. x3; The orc completely misses you.
The orc hits you with a +0 mace. The orc hits you with a +0 whip.
Cleave: a) +0 hand axe
Press: ? - help, Dir - move target, f/p - orc
Aim: an orc, wielding a +0 flail and wearing a +0 chain mail (haloed, about 14% to evade your +0 hand axe)
You barely miss the orc. You hit the orc. x2
The orc hits you with a +0 flail.
* * * LOW HITPOINT WARNING * * *
The orc barely misses you. The orc misses you.
Cleave: a) +0 hand axe
Press: ? - help, Dir - move target, f/p - orc
Aim: an orc, wielding a +0 flail and wearing a +0 chain mail (haloed, about 14% to evade your +0 hand axe)
You hit the orc but do no damage. You hit the orc.
You kill the orc!
You hit the orc. The orc hits you with a +0 flail.
* * * LOW HITPOINT WARNING * * *
The orc hits you but does no damage.
The quokka bites you but does no damage.
You have reached level 3!
Your experience leads to an increase in your attributes!
Increase (S)trength, (I)ntelligence, or (D)exterity?
You feel stronger. x2
Cleave: a) +0 hand axe
Press: ? - help, Dir - move target, f - orc, p - orc
Aim: an orc, wielding a +0 whip (almost dead, haloed, about 21% to evade your +0 hand axe)
You hit the orc.
You kill the orc!
You hit the quokka. You hit the orc. The orc hits you with a +0 flail.
You die...

##### #.# ##...#####
#.# ##........ #.#
#.......### ## #####.#
#.......... .# #.....#
#.......#
.###.....#####...o.#
................@)###
.###....<.......r)...#
.#
#.......###........>.
## ###..####
#...###.##. ###..#
#...# # #....# #...#
#.##.# ....# #. #.#
##.... ########. .#
#.#..


You could see an orc and a quokka.

Vanquished Creatures
  A dart slug (D:2)
  2 orcs (D:2)
  A giant cockroach (D:2)
  A goblin (D:2)
  2 hobgoblins
  4 kobolds (D:2)
  A quokka (D:2)
  5 ball pythons (D:2)
  2 rats (D:2)
19 creatures vanquished.

Notes
Turn   | Place    | Note
-------+----------+-------------------------------------------
     0 | D:1      | jagoly the Gargoyle Monk began the quest for the Orb.
     0 | D:1      | Reached XP level 1. HP: 14/14 MP: 1/1
    72 | D:2      | Reached XP level 2. HP: 19/19 MP: 2/2
    96 | D:2      | Reached skill level 1 in Stealth
   239 | D:2      | Reached XP level 3. HP: 4/23 MP: 3/3
   239 | D:2      | Slain by an orc

Illustrated notes

Levels and vault maps discovered:
D:1:      dpeg_arrival_pits, layout_basic
D:2:      minmay_chambers_of_ones, layout_loops_ring
D:3:      minmay_chambers_of_threes, layout_rooms, marbit_many_paths,
          jmf_multi_god_temple

Skill      XL: |  1  2 |
---------------+-------+-----
Axes           | 3 |  3.2
Stealth        | 1 |  1.2
Fighting       | |  3.6
Armour         | |  0.2
Dodging        | |  2.4

Action                     || total
---------------------------++-------
  Melee: Hand axe          ||    42
 Armour: Robe              ||    18
         Ring mail         ||    18
  Dodge: Dodged            ||    29
